Unix NetHack Version 3.7.0-90 Work-in-progress - last build Dec 4 2023 15:25:40 (a4ad6ea61a8c493010e15c9251bbb19a34919cb7,branch:master). Game began 2023-12-04 19:19:13, ended 2023-12-04 19:28:49. elenmirie, neutral female human Priestess ---------- ------- .........| ---------- |.{...| # |...Z...*| |........| ------ #......| ##.........| #-......{.| .....| #|.....| ##|........| #-|-------- |....| #-|--.-- # #---.------ " #### #.....| # # # # # # #|.<..| # # ## # # # #### #|....| # ################### " # #------ # # # ## # # # ## # # ####### # ### # # # # # # # ## # ----.----# -.-.- " ---.- ## # ## |.....`(|# |...| ## |...| ---.-# # |.......|# |...| -----# |...-# |..B|# -------- # |.......-# |...| |...-# |...|####-...@# |[[[[[.|## |.......| |....####-.._| |...| |...| |][)[).-# --------- ----- |..>| |...| ----- -------- ----- ----- Elenmirie the Acolyte St:9 Dx:10 Co:15 In:13 Wi:18 Ch:11 Neutral Dlvl:3 $:85 HP:0(35) Pw:50(50) AC:5 Xp:4/113 T:1937 Latest messages: You miss the manes. You miss the manes. You destroy the manes! You are stuck to the web. You are stuck to the web. You are stuck to the web. You disentangle yourself. You stumble into a spider web! You are stuck to the web. You disentangle yourself. You are beginning to feel weak. What do you want to eat? [efxF or ?*] ? Blecch! Rotten food! You miss the manes. The manes hits! The manes hits again! The manes bites! You miss the manes. You destroy the manes! You destroy the manes! You are beginning to feel hungry. The gecko bites! You hit the gecko. The gecko bites! You hit the gecko. You kill the gecko! What do you want to eat? [efx or ?*] ? This food really hits the spot! You finish eating the food ration. You miss the manes. You destroy the manes! You hear the splashing of a naiad. The giant bat bites! The giant bat bites! The giant bat bites! You miss the giant bat. The giant bat bites! The giant bat misses! You hit the giant bat. The giant bat misses! The giant bat bites! You miss the giant bat. The giant bat bites! The giant bat bites! You die... Do you want your possessions identified? [ynq] (y) y Do you want to see your attributes? [ynq] (y) y Do you want an account of creatures vanquished? [ynaq] (y) y Do you want to see your conduct and achievements? [ynq] (y) y Do you want to see the dungeon overview? [ynq] (y) y Inventory: Coins $ - 85 gold pieces Amulets i - an uncursed amulet of magical breathing (being worn) Weapons l - 45 uncursed +0 darts (at the ready) k - an uncursed +0 orcish dagger a - a blessed +1 mace (weapon in right hand) Armor r - an uncursed +0 orcish helm (being worn) w - an uncursed +0 pair of low boots (being worn) c - an uncursed +0 small shield (being worn) b - an uncursed +0 robe (being worn) Comestibles e - an uncursed clove of garlic x - an uncursed food ration f - an uncursed sprig of wolfsbane Scrolls G - an uncursed scroll of destroy armor p - an uncursed scroll of gold detection u - a cursed scroll of identify H - an uncursed scroll of scare monster Spellbooks g - an uncursed spellbook of healing D - an uncursed spellbook of light h - an uncursed spellbook of stone to flesh Potions A - a cursed potion of gain energy q - 3 uncursed potions of levitation d - 4 potions of holy water v - an uncursed potion of water Rings t - an uncursed ring of teleport control s - a cursed ring of teleportation Wands E - an uncursed wand of digging (0:3) Tools n - a cursed bugle o - a cursed tallow candle j - a cursed towel Elenmirie the Priestess's attributes: Background: You were an Acolyte, a level 4 human Priestess. You were neutral, on a mission for Mog who was opposed by Issek (lawful) and Kos (chaotic). You were right-handed. You were in the Dungeons of Doom, on level 3. You entered the dungeon 1937 turns ago. You had 113 experience points, 47 more were needed to attain level 5. Basics: You had 0 out of 35 hit points. You had all 50 energy points (spell power). Your armor class was 5. Your wallet contained 85 zorkmids. Autopickup was on for '$' plus thrown. Final Characteristics: Your strength was 9 (limit:18/100). Your dexterity was 10 (limit:18). Your constitution was 15 (limit:18). Your intelligence was 13 (limit:18). Your wisdom was 18 (limit:18). Your charisma was 11 (limit:18). Final Status: You weren't hungry. You were unencumbered. You were wielding a mace. You had basic skill with mace. Final Attributes: You were devoutly aligned. You could survive without air. You were guarded. You are dead. Miscellaneous: You never encountered a bones level. Total elapsed playing time was 9 minutes and 32 seconds. Major events: Turn 1: elenmirie the neutral human Priestess entered the dungeon 632: attained the rank of Acolyte (level 3) 1937: killed by a giant bat Vanquished creatures: a shrieker a giant ant a little dog a floating eye an iguana a coyote 2 hobbits 5 manes a large kobold 4 giant rats 3 cave spiders a gecko 3 jackals a kobold 2 goblins a sewer rat 2 grid bugs 2 lichens a kobold zombie 6 newts 40 creatures vanquished. No species were genocided or became extinct. Voluntary challenges: You read items or engraved 1 time. You never engraved Elbereth. You never genocided any monsters. You never polymorphed an object. You never changed form. You used no wishes. Achievements: You attained the rank of Acolyte. You entered a shop. The Dungeons of Doom: levels 1 to 5 Level 1: A fountain. Level 2: A weapon shop, a fountain. Level 3: <- You were here. An armor shop, an altar to Mog, some fountains. Final resting place for you, killed by a giant bat. Level 4: A fountain. Level 5: A fountain. Game over: ---------- / \ / REST \ / IN \ / PEACE \ / \ | elenmirie | | 85 Au | | killed by a | | giant bat | | | | | | 2023 | *| * * * | * _________)/\\_//(\/(/\)/\//\/|_)_______ Goodbye elenmirie the Priestess... You died in The Dungeons of Doom on dungeon level 3 with 739 points, and 85 pieces of gold, after 1937 moves. You were level 4 with a maximum of 35 hit points when you died.